 Dungeon Crawl Stone Soup version 0.30-a0-760-g5a9884bb7c (webtiles) character file.

Game seed: 721682573667386478

119 holysushi the Insei (level 4, -3/27 HPs)
             Began as a Vampire Monk on Feb 11, 2023.
             Killed from afar by an orc wizard (11 damage)
             ... with a magic dart
             ... on level 3 of the Dungeon.
             The game lasted 00:02:14 (2438 turns).

holysushi the Insei (Vampire Monk)                  Turns: 2438, Time: 00:02:15

Health: -3/27      AC:  0    Str:  9 (10) XL:     4   Next: 74%
Magic:  4/4        EV: 21    Int: 12      God:
Gold:   245        SH:  5    Dex: 22 (23) Spells: 3/3 levels left

rFire   . . .      SeeInvis +      - Unarmed
rCold   + + .      Faith    .    (shield currently unavailable)
rNeg    + + +      Spirit   .    (body armour currently unavailable)
rPois   ∞          Reflect  +    (helmet currently unavailable)
rElec   .          Harm     .    (cloak currently unavailable)
rCorr   .          Rampage  .    (gloves currently unavailable)
Will    .....                    (boots currently unavailable)
Stlth   +++++                    c - amulet of reflection
HPRegen 0.00/turn                (ring currently unavailable)
MPRegen 0.09/turn                (ring currently unavailable)

@: bat-form, flying, bloodless, inhibited regen, very quick
A: fast, flying, no casting, tiny, bloodless, fangs 3, see invisible, vampiric 2
a: Revivify, End Transformation


You were on level 3 of the Dungeon.
You were a vampire bat.
You visited 1 branch of the dungeon, and saw 3 of its levels.

You collected 245 gold pieces.

Inventory:

Armour
 a - a +0 robe (melded)
Jewellery
 c - an amulet of reflection (around neck)
 j - an amulet of faith
Scrolls
 d - a scroll of teleportation {unknown}
 e - a scroll of poison {unknown}
 i - a scroll of enchant armour {unknown}
 l - a scroll of identify
 m - a scroll of enchant weapon {unknown}
 n - a scroll of magic mapping {unknown}
Potions
 b - a potion of ambrosia
 f - 2 potions of attraction
 g - a potion of flight {unknown}
 h - a potion of degeneration {unknown}
 k - a potion of heal wounds {unknown}


   Skills:
 - Level 2.6 Fighting
 - Level 3.2 Dodging
 - Level 3.0 Stealth
 + Level 6.1 Unarmed Combat


You had 3 spell levels left.
You didn't know any spells.
Your spell library was empty.

Dungeon Overview and Level Annotations

Branches:
Dungeon (3/15) Zot: 15882

Altars:
Dithmenos
Yredelemnul

Shops:
D:1 (   D:2 (


Innate Abilities, Weirdness & Mutations

You are a vampire bat.
You are tiny and dextrous.
You move quickly.
You are flying.
You are immune to poison.
Your equipment is almost entirely melded.
You are incapable of wielding weapons or throwing items.
You cannot cast spells.
You do not regenerate when monsters are visible.
You are frail without blood (-20% HP).
You can heal yourself when you bite living creatures.
You are immune to poison.
You have razor-sharp teeth.
You have supernaturally acute eyesight. (SInv)
You are afflicted with vampirism and can become a bat while bloodless.


Message History

You hit the adder.
You kill the adder!
You feel your dexterity returning.
No target in view!
No target in view!
You reach down and open the door.
An orc wizard and 2 orcs come into view.
Found a broad axe.
There are monsters nearby!
There are monsters nearby!
There are monsters nearby!
There are monsters nearby!
The orc wizard shouts!
The orc shouts! x2; You hear a shout!
You hear an angry hiss.
The orc hits you with a +0 hand axe.
There is an open door here.
You hit the orc but do no damage.
A ball python comes into view.
The orc hits you with a +0 hand axe.
You hit the orc.
The orc is almost dead.
You hit the orc. You bite the orc.
You kill the orc!
An orc priest comes into view. It is wielding a +0 dagger.
You see here a +0 mace.
The orc priest shouts!
You hit the orc wizard.
The orc wizard is lightly wounded.
You hit the orc wizard.
The orc wizard is heavily wounded.
The orc priest invokes the aid of Beogh against you.
Beogh smites you!
* * * LOW HITPOINT WARNING * * *
The orc wizard points at you and mumbles some strange words.
You resist with some effort.
You are too injured to fight recklessly!
There is an open door here.
The orc wizard casts a spell at you. The magic dart hits you!
You die...

####### ......#
#####'## #### ##
.......# #≈≈ ≈≈
.......# #.#####≈# .#
.......# #....b#≈#S#
#....†.#########.')o#
#................#≈#o#
##################≈#
o# ...# #≈≈ ≈≈ ##.#
#### ## ##.####
....).# )#.##.#


You could see an orc wizard and an orc.

Vanquished Creatures
  Jessica (D:3)
  Natasha (D:2)
  2 adders (D:3)
  A worm (D:2)
  A dart slug (D:2)
  An orc (D:3)
  5 ball pythons (D:1)
  4 bats
  4 endoplasms
  2 giant cockroaches (D:3)
  5 goblins
  A hobgoblin (D:3)
  4 jackals (D:2)
  2 frilled lizards (D:2)
  5 kobolds
  5 rats
44 creatures vanquished.

Notes
Turn   | Place    | Note
-------+----------+-------------------------------------------
     0 | D:1      | holysushi the Vampire Monk began the quest for the Orb.
     0 | D:1      | Reached XP level 1. HP: 17/17 MP: 1/1
    27 | D:1      | Found Bikkex's Weapon Shoppe.
   272 | D:1      | Reached XP level 2. HP: 22/23 MP: 2/2
   273 | D:1      | Reached skill level 4 in Unarmed Combat
   603 | D:1      | Found a faded altar of an unknown god.
   847 | D:2      | Found Heseits's Weapon Emporium.
  1166 | D:2      | Found a basalt altar of Yredelemnul.
  1265 | D:2      | Gained mutation: You are afflicted with vampirism and can
                  | become a bat while bloodless. [Vampire growth]
  1265 | D:2      | Reached XP level 3. HP: 25/28 MP: 3/3
  1374 | D:2      | Noticed Natasha
  1494 | D:2      | Killed Natasha
  1495 | D:2      | Reached skill level 5 in Unarmed Combat
  1994 | D:3      | Noticed Jessica
  2001 | D:3      | Killed Jessica
  2002 | D:3      | Reached XP level 4. HP: 22/27 MP: 4/4
  2286 | D:3      | Found a shadowy altar of Dithmenos.
  2340 | D:3      | Reached skill level 6 in Unarmed Combat
  2438 | D:3      | Killed from afar by an orc wizard

Illustrated notes

Levels and vault maps discovered:
D:1:      beargit_arrival_diablo_church, layout_basic,
          hellmonk_ecumenical_altar_leap_of_faith, serial_shops, shop,
          minmay_bisected
D:2:      layout_loops_corners, serial_shops, nicolae_shop_bloodbath_and_beyond,
          basic_altar, kennysheep_generic_room_3, uniq_natasha
D:3:      layout_basic, nicolae_dithmenos_the_darkroom,
          kennysheep_generic_room_9, uniq_jessica

Skill      XL: |  1  2  3  4 |
---------------+-------------+-----
Unarmed Combat | 4 5 6 |  6.1
Fighting       | |  2.6
Dodging        | |  3.2
Stealth        | |  3.0

Action                     |  1- 3 |  4- 6 || total
---------------------------+-------+-------++-------
  Melee: Unarmed           |   122 |    29 ||   151
         Bite              |    11 |     4 ||    15
         Punch             |     1 |       ||     1
Ability: Bat Form          |     1 |       ||     1
         Exsanguinate      |     1 |       ||     1
    Use: Scroll            |     3 |       ||     3
   Stab: Sleeping          |    12 |     5 ||    17
 Armour: Robe              |    25 |       ||    25
  Dodge: Dodged            |   106 |     8 ||   114
  Block: Other             |    27 |     2 ||    29

Table legend: (Time is in decaauts)
 A = Elapsed time spent in this place.
 B = Non-inter-level travel time spent in this place.
 C = Inter-level travel time spent in this place.
 D = Time resting spent in this place.
 E = Time spent auto-exploring this place.
 F = Levels seen in this place.
 G = Mean time per level.
                   A        B        C        D        E       F      G
               +--------+--------+--------+--------+--------+-----+--------+
         Total |   2116 |   2096 |     20 |    128 |   1549 |   3 |  705.3 |
       Dungeon |   2116 |   2096 |     20 |    128 |   1549 |   3 |  705.3 |
               +--------+--------+--------+--------+--------+-----+--------+

Top non-repeatable levels by time:
     D:2: 936 daAuts
     D:1: 834 daAuts
     D:3: 346 daAuts
